 Dungeon Crawl Stone Soup version 0.29-a0-275-g389c0b56f3 (webtiles) character file.

Game seed: 4478626406038660768

626 dracfodder the Firebug (level 7, -1/37 HPs)
             Began as a Gargoyle Fire Elementalist on Mar 12, 2022.
             Killed by divine providence
             ... invoked by an orc priest
              (13 damage)
             ... on level 5 of the Dungeon.
             The game lasted 00:30:08 (5560 turns).

dracfodder the Firebug (Gargoyle Fire Elementalist) Turns: 5560, Time: 00:30:09

Health: -1/37      AC:  8    Str:  9    XL:     7   Next: 47%
Magic:  2/12       EV: 12    Int: 18    God:
Gold:   179        SH:  0    Dex: 10    Spells: 2/13 levels left

rFire   . . .      SeeInvis .   k - +0 morningstar
rCold   . . .      Faith    .   (no shield)
rNeg    + + .      Spirit   .   d - +2 robe
rPois   ∞          Reflect  .   (no helmet)
rElec   +          Harm     .   (no cloak)
rCorr   .          Rampage  .   (no gloves)
Will    .....                   (no boots)
Stlth   ++........              (no amulet)
HPRegen 0.12/turn               l - ring of positive energy
MPRegen 0.13/turn               (no ring)

@: no status effects
A: sickness immunity, AC +4, negative energy resistance 1, electricity
resistance, torment resistance 1, petrification resistance, sense surroundings
1, weak 1, subdued magic 1
a: no special abilities


You were on level 5 of the Dungeon.
You visited 1 branch of the dungeon, and saw 5 of its levels.
You also visited: Sewer.

You collected 179 gold pieces.

Inventory:

Hand Weapons
 a - a +0 short sword
 c - a +0 arbalest
 k - a +0 morningstar (weapon)
Missiles
 f - 6 boomerangs
 h - 2 throwing nets
 n - 69 stones
 t - 3 javelins
Armour
 d - a +2 robe (worn)
Jewellery
 l - a ring of positive energy (left hand)
Scrolls
 b - a scroll of identify
 j - 2 scrolls of fear
Potions
 e - 3 potions of mutation
 g - 2 potions of heal wounds
 i - 2 potions of attraction
 m - a potion of brilliance {unknown}
 o - a potion of cancellation {unknown}
 p - 2 potions of curing {unknown}
 q - a potion of invisibility {unknown}
 r - 2 potions of might {unknown}
 s - a potion of magic


   Skills:
 + Level 0.7 Fighting
 + Level 0.9 Maces & Flails
 + Level 2.0 Dodging
 + Level 3.2 Stealth
 + Level 3.8 Spellcasting
 + Level 2.2 Conjurations
 + Level 0.2 Summonings
 * Level 6.5 Fire Magic


You had 2 spell levels left.
You knew the following spells:

 Your Spells              Type           Power      Damage    Failure   Level
a - Foxfire               Conj/Fire      56%        2x1d6     1%          1
b - Scorch                Fire           40%        2d7       1%          2
c - Summon Small Mammal   Summ           12%        N/A       12%         1
d - Conjure Flame         Conj/Fire      14%        6-21      6%          3
e - Flame Wave            Conj/Fire      14%        2d6       21%         4

Your spell library contained the following spells:

 Spells                   Type           Power      Damage    Failure   Level
 Animate Skeleton         Necr           4%         N/A       13%         1
 Apportation              Tloc           4%         N/A       13%         1
 Inner Flame              Hex/Fire       11%        N/A       10%         3
 Petrify                  Tmut/Erth      2%         N/A       80%         4
 Irradiate                Conj/Tmut      2%         3d14      93%         5
 Sublimation of Blood     Necr           Unusable   N/A       N/A         2

Dungeon Overview and Level Annotations

Branches:
Dungeon (5/15)             Temple (0/1) D:5           Sewer (visited)

Altars:
Trog

Shops:
D:2 *


Innate Abilities, Weirdness & Mutations

You are immune to sickness and miasma.
Your stone body is resilient. (AC +4)
You are immune to poison.
You resist negative energy. (rN+)
You are resistant to electric shocks. (rElec)
You are resistant to unholy torment.
You are immune to petrification.
You passively map a small area around you.
You are weak. (Str -2)
Your spells are a little easier to cast, but a little less powerful.


Message History

Confirm with . or Enter, or press ? or * to list all spells.
You conjure some foxfire!
The foxfire hits the gnoll sergeant but does no damage.
The gnoll sergeant is lightly wounded.
The foxfire hits the gnoll sergeant.
The gnoll sergeant is lightly wounded.
An orc priest comes into view. It is wielding a +0 flail.
Casting: Scorch (safe; 1% risk of failure)
Press: ? - help, Q - select action, (/) - cycle Dir - look around, f - activate Flames lash the gnoll sergeant.
The gnoll sergeant is moderately wounded.
The gnoll sergeant's fire resistance burns away.
You hear a shout! x2
The foxfire hits the gnoll sergeant.
The gnoll sergeant is burned terribly!
The gnoll sergeant is heavily wounded.
The foxfire hits the gnoll sergeant but does no damage.
The gnoll sergeant is heavily wounded.
Casting: Scorch (safe; 1% risk of failure)
Press: ? - help, Q - select action, (/) - cycle Dir - look around, f - activate Flames lash the gnoll sergeant.
The gnoll sergeant is burned terribly!
The gnoll sergeant is heavily wounded.
The gnoll sergeant hits you from afar with a +0 trident of freezing!
The gnoll sergeant freezes you.
Casting: Scorch (safe; 1% risk of failure)
Press: ? - help, Q - select action, (/) - cycle Dir - look around, f - activate Flames lash the gnoll sergeant.
The gnoll sergeant is burned terribly!
The gnoll sergeant is severely wounded.
A gnoll comes into view. It is wielding a +1 halberd of venom.
The gnoll sergeant hits you from afar with a +0 trident of freezing!
The gnoll sergeant freezes you.
* * * LOW HITPOINT WARNING * * *
A gnoll comes into view. It is wielding a +0 club.
The orc priest looks braver for a moment.
The orc priest miscasts a cantrip.
Found 16 stones.
Found a stone staircase leading up.
The gnoll sergeant is no longer more vulnerable to fire.
There is a stone staircase leading up here.
The orc priest calls down the wrath of Beogh upon you.
Beogh smites you!
You die...

,*###....≈############
*##..........# #.....#
##.......>...###(....##
)....#.....g..........##
##......#..o...........#
*#..o..##.##...........#*
...###.##..##...........*
..##*#.##.....g.........*
..,,,...#.......@...##.,*
..,,,............####****
..,,.......#.#...#*
,>,,.....#####....**
,,,.......,,*##....*
,,,,,,..,,,,* #..###
,,,,,,,,*,,,**####
,,,,,,,,*,,,,**
,***,,,,**,,,,*


You could see a gnoll sergeant, an orc priest and a gnoll.

Vanquished Creatures
  A water moccasin (D:5)
  2 black bears
  A scorpion (D:5)
  3 jellies (Sewer)
  5 gnolls
  2 river rats (Sewer)
  4 worms
  A dart slug (D:1)
  6 orcs
  13 ball pythons
  2 bats
  17 endoplasms
  9 giant cockroaches
  6 goblins
  5 hobgoblins
  4 jackals (D:1)
  2 kobolds
  6 quokkas
  2 frilled lizards (Sewer)
  9 rats
100 creatures vanquished.

Vanquished Creatures (collateral kills)
  A foxfire (D:2)
1 creature vanquished.

Vanquished Creatures (others)
  255 foxfires
  3 plants (D:2)
  A withered plant (D:2)
259 creatures vanquished.

Grand Total: 360 creatures vanquished

Notes
Turn   | Place    | Note
-------+----------+-------------------------------------------
     0 | D:1      | dracfodder the Gargoyle Fire Elementalist began the quest
                  | for the Orb.
     0 | D:1      | Reached XP level 1. HP: 10/10 MP: 3/3
   491 | D:1      | Reached XP level 2. HP: 15/15 MP: 1/5
   494 | D:1      | Learned a level 2 spell: Scorch
   989 | D:2      | Found Taocik's General Store.
  1231 | D:1      | Reached XP level 3. HP: 19/19 MP: 3/6
  1360 | D:1      | Learned a level 1 spell: Summon Small Mammal
  2119 | D:2      | Reached skill level 4 in Fire Magic
  2422 | D:2      | Gained mutation: You are weak. (Str -2) [potion of
                  | mutation]
  2422 | D:2      | Gained mutation: You passively map a small area around you.
                  | [potion of mutation]
  2422 | D:2      | Gained mutation: Your spells are a little easier to cast,
                  | but a little less powerful. [potion of mutation]
  2455 | D:2      | Found a faded altar of an unknown god.
  3300 | D:3      | Reached XP level 4. HP: 24/24 MP: 4/7
  4417 | D:4      | Found a bloodstained altar of Trog.
  4417 | D:4      | Noticed a black bear
  4430 | D:4      | Killed a black bear
  4431 | D:4      | Reached skill level 5 in Fire Magic
  4431 | D:4      | Reached XP level 5. HP: 13/28 MP: 0/9
  4433 | D:4      | Noticed a black bear
  4435 | D:5      | Entered Level 5 of the Dungeon
  4535 | D:5      | Noticed a black bear
  4543 | D:5      | Killed a black bear
  4544 | D:5      | Reached XP level 6. HP: 28/33 MP: 1/10
  4547 | D:5      | Noticed a water moccasin
  4553 | D:5      | Killed a water moccasin
  4554 | D:5      | Reached skill level 6 in Fire Magic
  4576 | D:5      | Reached XP level 7. HP: 22/37 MP: 1/12
  4634 | D:5      | Found a glowing drain.
  4656 | Sewer    | Entered a sewer
  5269 | Sewer    | Found a viscous altar of Jiyva.
  5502 | D:5      | Learned a level 3 spell: Conjure Flame
  5507 | D:5      | Learned a level 4 spell: Flame Wave
  5560 | D:5      | Killed from afar by an orc priest

Illustrated notes

Levels and vault maps discovered:
D:1:      dpeg_arrival_tiny_a, layout_basic, grunt_decor_cap, interstate_on_off,
          minmay_misc_feat_tower, minivault_27, minivault_27, minmay_tromino_v7
D:2:      layout_basic, serial_shops, shop, ebering_ecumenical_altar_petrified,
          serial_forest, infiniplex_forest_clump_curved,
          infiniplex_forest_lined_1, infiniplex_forest_straight_4,
          infiniplex_forest_straight_3, infiniplex_forest_clump_large
D:3:      layout_loops_corners
D:4:      layout_basic, trog_ov_bears_minmay, mainiacjoe_overflow_tiny_flanked,
          uniq_crazy_yiuf_cottage, uniq_menkaure
D:5:      layout_cave_pools, minmay_temple_entry_proselytizer,
          gup_sewer_entry_pipe, uniq_sigmund

Skill      XL: |  1  2  3  4  5  6  7 |
---------------+----------------------+-----
Fire Magic     | 4 5 6 |  6.5
Stealth        | 3 |  3.2
Spellcasting   | 3 |  3.8
Dodging        | 2 |  2.0
Conjurations   | 2 |  2.2
Fighting       | |  0.7
Maces & Flails | |  0.9
Summonings     | |  0.2

Action                   |  1- 3 |  4- 6 |  7- 9 || total
-------------------------+-------+-------+-------++-------
Melee: Unarmed           |    12 |       |       ||    12
       Punch             |     1 |       |       ||     1
       Dagger            |     3 |       |       ||     3
       Short sword       |     2 |       |       ||     2
       Morningstar       |    20 |    15 |     6 ||    41
Throw: Javelin           |       |       |     1 ||     1
 Cast: Foxfire           |    60 |    24 |    65 ||   149
       Scorch            |    14 |    18 |     3 ||    35
       Summon Small Mamm |    10 |       |     1 ||    11
       Conjure Flame     |       |       |     1 ||     1
  Use: Scroll            |    10 |     2 |       ||    12
       Potion            |     1 |     4 |       ||     5
Armor: Robe              |    29 |    16 |     8 ||    53
       Skin              |       |    12 |       ||    12
Dodge: Dodged            |    55 |    35 |     1 ||    91

Table legend: (Time is in decaauts)
 A = Elapsed time spent in this place.
 B = Non-inter-level travel time spent in this place.
 C = Inter-level travel time spent in this place.
 D = Time resting spent in this place.
 E = Time spent auto-exploring this place.
 F = Levels seen in this place.
 G = Mean time per level.
                   A        B        C        D        E       F      G
               +--------+--------+--------+--------+--------+-----+--------+
         Total |   5625 |   5541 |     84 |   2224 |   2151 |   6 |  937.5 |
       Dungeon |   4798 |   4714 |     84 |   1810 |   1989 |   5 |  959.6 |
         Sewer |    827 |    827 |      0 |    414 |    161 |   1 |  827.0 |
               +--------+--------+--------+--------+--------+-----+--------+

Top non-repeatable levels by time:
     D:1: 2032 daAuts
     D:3: 1132 daAuts
     D:2: 1000 daAuts
   Sewer: 827 daAuts
     D:5: 345 daAuts
     D:4: 288 daAuts
